Map: Automaton LE

Players

AqueroN

  • Race: Terran Terran
  • League: Grandmaster
  • Spawn Location: 9:00

Lambo - Winner!

  • Race: Zerg Zerg
  • League: Master
  • Spawn Location: 3:00

VOD

Have the link to the VOD?

Description

Time

  • Played on: Jan. 12, 2019, 7:29 a.m.
  • Length: 8:50
Show
View Real Time Build Order
Export as new Build Order

AqueroN Terran 

Build Orders: Gas First Reaper Expand, Hellion Banshee, Mech 

Get SALT Encoding   

  12  0:00  SCV  
  13  0:13  SCV  
  14  0:17  Supply Depot  
  14  0:25  SCV  
  15  0:30  Refinery  
  15  0:39  SCV  
  16  0:45  Barracks  
  16  0:51  SCV  
  17  1:03  SCV  
  18  1:15  SCV  
  19  1:32  Reaper, Orbital Command  
  20  1:44  Command Center  
  20  1:54  Factory  
  20  1:58  SCV  
  21  2:08  Barracks Reactor  
  21  2:09  Supply Depot  
  21  2:11  SCV  
  22  2:20  Refinery  
  22  2:23  SCV  
  23  2:36  SCV  
  24  2:48  SCV  
  24  2:51  Hellion x2  
  28  2:52  Marine  
  28  2:56  Starport  
  29  3:00  SCV, Orbital Command  
  30  3:12  Hellion x2  
  34  3:14  Marine  
  34  3:15  SCV  
  36  3:25  SCV  
  37  3:28  SCV  
  37  3:29  Supply Depot  
  37  3:33  Hellion  
  40  3:35  Marine  
  40  3:38  SCV  
  40  3:40  SCV  
  43  3:46  Hellion  
  45  3:51  Medivac  
  45  3:53  Marine  
  48  3:56  SCV  
  48  3:57  SCV  
  48  3:59  Armory  
  48  4:00  Hellion  
  52  4:07  Hellion  
  54  4:11  SCV x2  
  54  4:12  Supply Depot  
  54  4:14  Barracks Tech Lab  
  56  4:21  Hellion  
  56  4:23  SCV  
  59  4:37  SCV  
  59  4:38  Command Center, SCV  
  61  4:45  Supply Depot  
  61  4:50  SCV  
  61  4:51  Hellion x2  
  66  4:58  Cloaking Field, Banshee  
  69  5:00  SCV  
  65  5:15  SCV  
  65  5:19  SCV  
  61  5:23  Hellion x2  
  61  5:27  SCV  
  64  5:29  Hellion x3  
  64  5:31  SCV  
  64  5:34  Barracks Tech Lab  
  64  5:35  Factory  
  63  5:36  Refinery, Factory  
  63  5:37  Refinery, Terran Vehicle And Ship Armor Level 1  
  63  5:40  Armory  
  63  5:44  Hellion x2  
  63  5:47  Banshee  
  70  5:54  Orbital Command  
  70  5:56  SCV  
  70  5:57  SCV  
  72  6:05  Hellion x2  
  67  6:11  SCV  
  68  6:19  SCV  
  67  6:27  Hellion  
  67  6:28  Hellion  
  67  6:31  Factory Tech Lab  
  71  6:33  Banshee  
  71  6:35  Factory  
  71  6:38  Factory  
  68  6:40  Orbital Command  
  68  6:41  SCV x2  
  68  6:45  Cyclone  
  73  6:53  SCV x2  
  75  7:00  Command Center, Hellion x2, Cyclone  
  82  7:03  Refinery  
  82  7:05  SCV  
  82  7:07  Refinery  
  83  7:08  Supply Depot  
  83  7:09  SCV x2  
  83  7:10  Supply Depot  
  83  7:11  Supply Depot  
  85  7:16  Mag-Field Accelerator  
  85  7:18  Cyclone  
  85  7:20  SCV  
  85  7:21  SCV x2  
  91  7:23  Factory Tech Lab, Factory Reactor  
  91  7:25  Hellion  
  93  7:30  Hellion  
  93  7:32  SCV  
  90  7:38  SCV x2  
  90  7:39  Siege Tank  
  90  7:42  Supply Depot  
  90  7:43  Supply Depot  
  90  7:44  Siege Tank  
  96  7:47  Hellion  
  98  7:53  SCV x3  
  101  8:02  Siege Tank  
  101  8:03  Hellion x2  
  101  8:05  SCV x2  
  111  8:09  Hellion x2  
  113  8:15  Siege Tank  
  113  8:16  SCV  
  113  8:17  SCV  
Show
View Real Time Build Order
Export as new Build Order

Lambo Zerg - Winner!

Build Orders: Hatch First 

Get SALT Encoding   

  12  0:00  Drone  
  13  0:12  Overlord  
  13  0:18  Drone  
  14  0:31  Drone x2  
  16  0:49  Hatchery  
  15  0:53  Drone  
  17  0:57  Drone  
  17  1:00  Drone  
  18  1:11  Extractor  
  18  1:16  Spawning Pool  
  16  1:19  Drone  
  16  1:22  Drone  
  18  1:28  Drone  
  19  1:39  Drone  
  20  1:51  Overlord  
  20  2:03  Queen x2  
  20  2:04  Zergling x4  
  26  2:13  Drone x2  
  26  2:14  Metabolic Boost  
  28  2:22  Drone x2  
  30  2:42  Drone  
  31  2:45  Hatchery  
  31  2:46  Drone  
  31  2:49  Drone  
  32  2:53  Pneumatized Carapace  
  32  2:58  Overlord  
  32  3:01  Drone  
  32  3:03  Drone  
  34  3:07  Drone  
  34  3:10  Drone  
  36  3:18  Drone x2  
  36  3:19  Overlord  
  38  3:20  Drone  
  38  3:22  Drone  
  40  3:27  Queen  
  40  3:30  Drone  
  40  3:31  Drone  
  44  3:37  Queen  
  46  3:46  Drone x2  
  48  3:49  Overlord  
  48  3:51  Overlord  
  48  3:52  Baneling Nest  
  48  3:54  Zergling x4  
  49  3:59  Overlord  
  49  4:04  Extractor  
  48  4:10  Queen  
  48  4:12  Drone x4  
  48  4:13  Queen  
  57  4:17  Zergling x2  
  57  4:20  Zergling x4  
  57  4:23  Drone x2  
  62  4:28  Drone  
  63  4:31  Drone x2  
  63  4:32  Drone  
  63  4:33  Lair  
  66  4:41  Drone x4  
  66  4:44  Overlord  
  70  4:46  Spore Crawler  
  70  4:49  Queen  
  71  4:53  Baneling x4  
  71  4:56  Queen  
  71  4:59  Extractor, Drone  
  74  5:00  Extractor, Drone  
  74  5:03  Baneling  
  71  5:16  Drone x7  
  71  5:20  Zergling x10  
  78  5:26  Drone x4  
  82  5:34  Overlord  
  82  5:37  Overlord  
  82  5:38  Overlord  
  82  5:41  Overlord  
  82  5:43  Overseer  
  82  5:44  Overlord  
  82  5:46  Hydralisk Den  
  82  5:48  Queen, Extractor, Evolution Chamber  
  82  5:49  Extractor  
  80  5:51  Drone x2  
  80  5:52  Extractor  
  80  5:53  Spore Crawler  
  80  5:55  Drone  
  80  5:56  Drone  
  82  5:59  Drone x2  
  82  6:00  Drone x2  
  86  6:04  Drone  
  86  6:06  Overlord, Drone x2  
  89  6:12  Drone  
  89  6:13  Drone x2  
  79  6:30  Drone x4  
  80  6:36  Centrifical Hooks  
  80  6:37  Muscular Augments  
  80  6:43  Overlord  
  80  6:48  Hydralisk x2  
  80  6:49  Hydralisk, Zergling x18  
  80  6:53  Drone  
  96  6:54  Drone x2  
  96  6:56  Zerg Missile Weapons Level 1  
  96  6:59  Hatchery  
  97  7:01  Drone  
  97  7:02  Drone  
  97  7:03  Overseer  
  97  7:05  Hydralisk  
  101  7:09  Hydralisk  
  101  7:14  Hydralisk x2  
  101  7:15  Hydralisk x3  
  113  7:23  Hydralisk x3  
  113  7:28  Hydralisk x2  
  123  7:30  Overlord  
  123  7:34  Drone x3  
  123  7:36  Hydralisk  
  125  7:42  Hydralisk x3  
  131  7:44  Overlord  
  131  7:50  Overseer  
  131  7:52  Zergling x10  
  131  7:55  Baneling x6  
  131  7:57  Baneling x3  
  136  8:00  Zergling x6  
  139  8:08  Zergling x4  
  139  8:11  Overlord  
  141  8:13  Baneling x6  
  141  8:14  Zergling x6  
  141  8:19  Overlord  
  144  8:20  Zergling x6  
  145  8:31  Zergling x4  
Tags
 
Add a new tag
Caveats
  • Supply blocks, unpowered buildings, or Contaminate may cause inaccurate times.
  • Supply counts are checked every 10 seconds.